 Dungeon Crawl Stone Soup version 0.31-a0-426-g3a05650e59 (webtiles) character file.

Game seed: 891335052081540211

177 CraigForest the Shield-Bearer (level 5, -4/42 HPs)
             Began as a Formicid Fighter on July 30, 2023.
             Was a Follower of Qazlal.
             Slain by an ice beast (13 damage)
             ... on level 3 of the Dungeon.
             The game lasted 00:11:49 (2897 turns).

CraigForest the Shield-Bearer (Formicid Fighter)    Turns: 2897, Time: 00:11:50

Health: -4/42      AC: 11    Str: 19    XL:     5   Next: 88%
Magic:  5/5        EV:  9    Int: 14    God:    Qazlal [*.....]
Gold:   140        SH:  6    Dex: 13    Spells: 4/4 levels left

rFire   . . .        a - +0 war axe
rCold   . . .        c - +0 buckler
rNeg    . . .        b - +0 scale mail
rPois   .            (helmet unavailable)
rElec   +            (no cloak)
rCorr   .            (no gloves)
SInv    +            (no boots)
Will    .....        (no amulet) Stlth
                     q - ring "Bymofeh" {rElec AC+4 Str-4 Int+7 Stlth-}
HPRegen 0.27/turn    (no ring)
MPRegen 0.09/turn

%: no passive effects
@: no status effects
A: permanent stasis, dig shafts and tunnels, antennae 3, four strong arms
a: Dig, Shaft Self, Renounce Religion


You were on level 3 of the Dungeon.
You worshipped Qazlal.
Qazlal was aware of your devotion.
You visited 1 branch of the dungeon, and saw 4 of its levels.

You collected 140 gold pieces.

Inventory:

Hand Weapons
 a - a +0 war axe (weapon)
Missiles
 p - 10 poisoned darts
Armour
 b - a +0 scale mail (worn)
 c - a +0 buckler (worn)
Jewellery
 q - the ring "Bymofeh" (left hand) {rElec AC+4 Str-4 Int+7 Stlth-}
   (You found it on level 4 of the Dungeon)

   [ring of protection]

   AC:        It affects your AC (+4).
   Str:       It affects your strength (-4).
   Int:       It affects your intelligence (+7).
   rElec:     It insulates you from electricity.
   Stlth:     It makes you less stealthy.
Scrolls
 e - a scroll of immolation
 f - a scroll of revelation {unknown}
 h - a scroll of identify {unknown}
 i - a scroll of silence
 k - a scroll of vulnerability {unknown}
 l - a scroll of summoning {unknown}
Potions
 d - a potion of might
 g - a potion of magic {unknown}
 j - a potion of heal wounds {unknown}
 m - a potion of mutation {unknown}
 n - a potion of ambrosia {unknown}
 o - 3 potions of haste {unknown}


   Skills:
 + Level 4.1 Fighting
 + Level 3.9 Axes
 + Level 4.1 Armour
 + Level 0.9 Dodging
 + Level 4.7 Shields


You had 4 spell levels left.
You didn't know any spells.
Your spell library contained the following spells:

 Spells                   Type           Power      Damage    Failure   Level
 Ozocubu's Armour         Ice            0%         N/A       97%         3
 Stone Arrow              Conj/Erth      0%         3d7       97%         3
 Animate Armour           Summ/Erth      0%         N/A       100%        4
 Metabolic Englaciation   Hex/Ice        0%         N/A       100%        5
 Simulacrum               Ice/Necr       0%         N/A       100%        6
 Lehudib's Crystal Spear  Conj/Erth      0%         10d2      100%        8


Dungeon Overview and Level Annotations

Branches:
Dungeon (4/15)
 Temple: D:4-7

Altars:
Qazlal


Innate Abilities, Weirdness & Mutations

You cannot be hasted, slowed, berserked, paralysed or teleported.
You can dig through walls and to a lower floor.
You have a pair of large antennae on your head. (SInv)
Your four strong arms can wield two-handed weapons with a shield.


Message History

You see here a wand of acid (6).
A hobgoblin comes into view.
The gnoll hits you but does no damage. x2
The hobgoblin shouts!
You hit the gnoll.
The gnoll is lightly wounded.
You closely miss the gnoll. You hit the gnoll. The gnoll completely misses you.
The gnoll hits you with a +0 spear. The gnoll misses you.
The gnoll completely misses you. The gnoll hits you but does no damage.
You closely miss the gnoll.
The gnoll is lightly wounded.
You hit the ice beast. You hit the gnoll. You block the gnoll's attack.
The gnoll hits you with a +0 flail! You block the gnoll's attack.
You closely miss the ice beast.
The ice beast is moderately wounded.
You barely miss the gnoll. You slash the gnoll! The ice beast hits you.
The ice beast freezes you! The gnoll hits you with a +0 flail!
* * * LOW HITPOINT WARNING * * *
You block the gnoll's attack. The gnoll hits you but does no damage.
The gnoll closely misses you. The gnoll hits you with a +0 flail.
* * * LOW HITPOINT WARNING * * *
You block the gnoll's attack.
The ice beast hits you but does no damage.
The gnoll attacks as you move away! You block the gnoll's attack.
The ice beast attacks as you move away!
The ice beast hits you but does no damage.
Found 13 gold pieces.
There is a stone staircase leading up here.
You block the ice beast's attack.
You climb upwards.
There is a stone staircase leading down here.
You hit the ice beast.
The ice beast is heavily wounded.
The ice beast barely misses you.
You hit the ice beast but do no damage.
The ice beast is heavily wounded.
The ice beast hits you.
* * * LOW HITPOINT WARNING * * *
The ice beast freezes you!
You die...

#.....####..#######.
#........<..........
##.....####..##.###..
#......####..##.# #..
#.#..........##.# #..
#.#..######..##.###..
#.#..# #..##......
#.#Y.# #..........
#.#.@# #.######..#
#.#..# #.######..#
#.#..# #..........
#.[..#############...
#.##.#...........#...
#.##.#.#########.#.#.
#.##.#.##### #.#.#.
#.##.).....# #.#.#.
#.####.###.# #.#.#.


You could see an ice beast.

Vanquished Creatures
  Jessica (D:3)
  5 adders
  6 worms
  8 bats
  7 endoplasms
  2 giant cockroaches (D:1)
  8 goblins
  7 hobgoblins
  10 jackals
  8 quokkas
  6 ball pythons
  A frilled lizard (D:2)
  4 kobolds
  8 rats
81 creatures vanquished.

Notes
Turn   | Place    | Note
-------+----------+-------------------------------------------
     0 | D:1      | CraigForest the Formicid Fighter began the quest for the
                  | Orb.
     0 | D:1      | Reached XP level 1. HP: 18/18 MP: 1/1
    64 | D:1      | Reached XP level 2. HP: 24/24 MP: 2/2
   358 | D:1      | Reached XP level 3. HP: 28/30 MP: 3/3
  1204 | D:2      | Reached XP level 4. HP: 33/37 MP: 4/4
  1542 | D:2      | Found a stormy altar of Qazlal.
  1550 | D:2      | Became a worshipper of Qazlal Stormbringer
  1799 | D:2      | Reached XP level 5. HP: 39/42 MP: 5/5
  2179 | D:3      | Noticed Jessica
  2185 | D:3      | Killed Jessica
  2667 | D:3      | Reached * piety under Qazlal
  2875 | D:4      | Identified the ring "Bymofeh" {rElec AC+4 Str-4 Int+7
                  | Stlth-}
  2886 | D:4      | Noticed an ice beast
  2897 | D:3      | Slain by an ice beast

Illustrated notes

Levels and vault maps discovered:
D:1:      kilobyte_arrival_exit_the_forest, layout_basic, serial_forest,
          infiniplex_forest_corner_2, infiniplex_forest_split,
          infiniplex_forest_corner_1, infiniplex_forest_end_3,
          infiniplex_forest_lined_4_way, infiniplex_forest_clump_medium,
          infiniplex_forest_lined_room_, infiniplex_forest_lined_corner,
          skrybe_limestone_x, serial_bayou_crossing
D:2:      minmay_diamond_boxcup, layout_basic, basic_altar
D:3:      layout_loops_ring, chequers_jeans, kennysheep_jessica_study
D:4:      minmay_wonky_spiral, layout_basic, uniq_ijyb

Skill      XL: |  1  2  3  4  5 |
---------------+----------------+-----
Axes           | 3 |  3.9
Fighting       | 4 |  4.1
Armour         | 4 |  4.1
Dodging        | |  0.9
Shields        | |  4.7

Action                     |  1- 3 |  4- 6 || total
---------------------------+-------+-------++-------
  Melee: War axe           |   186 |   138 ||   324
    Use: Scroll            |     1 |     1 ||     2
 Armour: Scale mail        |    31 |    94 ||   125
  Dodge: Dodged            |    34 |    86 ||   120
  Block: Buckler           |    22 |    46 ||    68

Table legend: (Time is in decaauts)
 A = Elapsed time spent in this place.
 B = Non-inter-level travel time spent in this place.
 C = Inter-level travel time spent in this place.
 D = Time resting spent in this place.
 E = Time spent auto-exploring this place.
 F = Levels seen in this place.
 G = Mean time per level.
                   A        B        C        D        E       F      G
               +--------+--------+--------+--------+--------+-----+--------+
         Total |   3044 |   2335 |    709 |      0 |   1587 |   4 |  761.0 |
       Dungeon |   3044 |   2335 |    709 |      0 |   1587 |   4 |  761.0 |
               +--------+--------+--------+--------+--------+-----+--------+

Top non-repeatable levels by time:
     D:1: 1246 daAuts
     D:2: 956 daAuts
     D:3: 768 daAuts
     D:4: 73 daAuts
